 Dungeon Crawl Stone Soup version 0.30-a0-840-ga523dec638 (webtiles) character file.

Game seed: 16095799561934763579

10819 pyrow613 the Cleaver (level 11, 0/99 HPs)
             Began as a Demigod Fighter on Feb 28, 2023.
             Slain by Lodul
             ... wielding a +0 dire flail
              (23 damage)
             ... on level 11 of the Dungeon on Mar 1, 2023.
             The game lasted 00:33:31 (9604 turns).

pyrow613 the Cleaver (Demigod Fighter)              Turns: 9604, Time: 00:33:31

Health: 0/99       AC: 15    Str: 26    XL:     11   Next: 18%
Magic:  14/14      EV:  5    Int: 10    God:
Gold:   447        SH: 17    Dex: 22    Spells: 10/10 levels left

rFire   + . .      SeeInvis .    a - +1 war axe (elec)
rCold   + . .      Faith    .    E - +1 kite shield
rNeg    . . .      Spirit   .    e - +0 plate armour
rPois   +          Reflect  +    t - +0 helmet
rElec   .          Harm     .    i - +0 cloak
rCorr   .          Rampage  .    D - +0 pair of gloves
Will    +....                    f - +0 pair of boots Stlth
                                 k - amulet of reflection
HPRegen 1.16/turn                l - ring of the Magpie {rPois rF+ rC+ Str-3 Dex+3}
MPRegen 0.14/turn                d - +6 ring of dexterity

@: mighty, on berserk cooldown, slowed, studying Evocations, unable to drink,
very slow
A: high MP 1, forlorn, divine attributes, deterioration 1, regeneration 1,
inability to drink after injury 1
a: no special abilities


You were on level 11 of the Dungeon.
You visited 1 branch of the dungeon, and saw 12 of its levels.
You also visited: Bailey.

You collected 447 gold pieces.

Inventory:

Hand Weapons
 a - a +1 war axe of electrocution (weapon)
 b - a +0 sling
 g - a +1 heavy battleaxe
Missiles
 m - 21 poisoned darts (quivered)
 B - a throwing net
Armour
 e - a +0 plate armour (worn)
 f - a +0 pair of boots (worn)
 i - a +0 cloak (worn)
 t - a +0 helmet (worn)
 D - a +0 pair of gloves (worn)
 E - a +1 kite shield (worn)
Jewellery
 d - a +6 ring of dexterity (right hand)
 k - an amulet of reflection (around neck)
 l - the ring of the Magpie (left hand) {rPois rF+ rC+ Str-3 Dex+3}
   (You found it on level 2 of the Dungeon)

   [ring of poison resistance]

   Str:       It affects your strength (-3).
   Dex:       It affects your dexterity (+3).
   rF:        It protects you from fire.
   rC:        It protects you from cold.
   rPois:     It protects you from poison.
 o - a ring of wizardry
Wands
 h - a wand of digging (4)
 u - a wand of iceblast (7)
Scrolls
 n - 2 scrolls of identify
 C - a scroll of amnesia
Potions
 r - a potion of flight
 s - a potion of curing
 w - a potion of mutation
 z - 12 potions of ambrosia


   Skills:
 + Level 9.7 Fighting
 * Level 13.2 Axes
 - Level 2.6 Armour
 + Level 5.1 Shields


You had 10 spell levels left.
You didn't know any spells.
Your spell library contained the following spells:

 Spells                   Type           Power      Damage    Failure   Level
 Cigotuvi's Dreadful Rot  Necr/Pois/Air  0%         N/A       100%        2
 Static Discharge         Conj/Air       0%         2-2/arc   100%        2
 Dazzling Flash           Conj/Hex       0%         N/A       100%        3
 Frozen Ramparts          Ice            0%         1d1       100%        3
 Ignite Poison            Fire/Tmut/Pois 0%         N/A       100%        3
 Vhi's Electric Charge    Tloc/Air       0%         N/A       100%        3
 Dispel Undead            Necr           0%         3d6       100%        4
 Ice Form                 Ice/Tmut       0%         N/A       100%        4
 Iskenderun's Mystic Bla  Conj/Tloc      0%         2d3       100%        4
 Sticky Flame             Conj/Fire      0%         2d3       100%        4
 Summon Ice Beast         Ice/Summ       0%         N/A       100%        4
 Arcjolt                  Conj/Air       0%         1d10      100%        5
 Lightning Bolt           Conj/Air       0%         1d11      100%        5
 Death Channel            Necr           0%         N/A       100%        6
 Starburst                Conj/Fire      0%         6d3       100%        6
 Ignition                 Fire           0%         3d3       100%        8


Dungeon Overview and Level Annotations

Branches:
Dungeon (12/15)            Temple (0/1) D:6            Lair (0/5) D:9
 Bailey (visited)
    Orc: D:9-12

Shops:
D:9 :   D:12 =

Annotations:
D:8 2 runed translucent doors
D:11 Lodul


Innate Abilities, Weirdness & Mutations

You have an increased reservoir of magic. (+10% MP)
You shall have no god before yourself.
Your divine heritage dramatically boosts your attributes as you level up.
Your body sometimes deteriorates upon taking damage.
Your natural rate of healing is unusually fast.
You occasionally lose the ability to drink potions when taking damage.


Message History

The boulder beetle is severely wounded.
You slash the ogre! You block the boulder beetle's attack.
The ogre hits you with a +0 giant spiked club!
* * * LOW HITPOINT WARNING * * *
You slice the boulder beetle!!
You kill the boulder beetle!
You slash the ogre!
You kill the ogre!
Your Shields skill increases to level 5!
Unknown command.
You are too berserk!
You cannot drink potions in your current state!
Unknown command.
An ogre comes into view. It is wielding a +0 giant club.
You are no longer berserk.
You are exhausted.
You feel yourself slow down.
The ogre shouts!
Electricity crackles from Lodul's apparatus.
The bolt of lightning hits you.
* * * LOW HITPOINT WARNING * * *
You block the ogre's attack.
An ogre comes into view. It is wielding a +0 giant club.
Items here: ))) [ †††.
You slash the ogre! Lightning courses through the ogre!
The ogre is severely wounded.
You block the ogre's attack.
You cannot drink potions in your current state!
You cannot drink potions in your current state!
You cannot drink potions in your current state!
You cannot drink potions in your current state!
You closely miss the ogre.
The ogre is severely wounded.
Lodul lets out a whooping war cry.
You block the ogre's attack.
You slash the ogre!
You kill the ogre!
You slash Lodul! You hit the ogre. You slash the ogre!
Lodul hits you with a +0 dire flail!!
You die...

...
..............#
...
...............#
...
................#
...
................#
...
............[...#
...
......O.........#
...
..#...O........##
...
.###...)OO....##
...
..#...DO@....##
...
............##
.......)...##
..........##
.........##
........##
.......## ......#
.....#


You could see Lodul, an acid dragon and 4 ogres.

Vanquished Creatures
  A hydra (D:11)
  A boulder beetle (D:11)
  2 manticores
  Maurice (D:11)
  A kobold demonologist (D:11)
  Maggie (D:8)
  An unseen horror (D:11)
  A troll (D:9)
  A queen bee (D:10)
  2 hornets (D:9)
  A yak (D:9)
  A wyvern (D:8)
  A steam dragon (D:7)
  3 vampire mosquitoes (D:12)
  Menkaure (D:7)
  3 acid dragons
  A water moccasin (D:6)
  2 ice beasts (D:5)
  5 orc warriors
  2 black bears
  6 centaurs
  3 ogres
  2 phantoms (D:6)
  2 kobold brigands (D:9)
  5 bullfrogs
  4 gnoll sergeants
  6 scorpions
  24 killer bees
  A howler monkey (D:7)
  4 orc priests
  3 hounds
  4 jellies (D:9)
  A gnoll bouda (D:8)
  4 iguanas
  8 orc wizards
  24 gnolls
  7 adders
  A white imp (D:7)
  A worm (D:2)
  5 dart slugs
  25 orcs
  11 endoplasms
  4 giant cockroaches
  6 hobgoblins
  15 kobolds
  4 quokkas
  6 ball pythons
  4 bats
  5 frilled lizards
  18 goblins
  5 rats
  A spectral goblin (D:3)
251 creatures vanquished.

Vanquished Creatures (collateral kills)
  A two-headed ogre (D:10)
  5 killer bees (D:10)
6 creatures vanquished.

Vanquished Creatures (others)
  2 fungi (D:9)
  2 plants (D:9)
4 creatures vanquished.

Grand Total: 261 creatures vanquished

Notes
Turn   | Place    | Note
-------+----------+-------------------------------------------
     0 | D:1      | pyrow613 the Demigod Fighter began the quest for the Orb.
     0 | D:1      | Reached XP level 1. HP: 18/18 MP: 3/3
    66 | D:1      | Reached skill level 2 in Axes
   152 | D:1      | Reached XP level 2. HP: 21/25 MP: 4/4
   762 | D:2      | Reached XP level 3. HP: 31/31 MP: 5/5
   793 | D:2      | Reached skill level 3 in Axes
  1212 | D:2      | Identified the ring of the Magpie {rPois rF+ rC+ Str-3
                  | Dex+3}
  1762 | D:3      | Reached XP level 4. HP: 38/38 MP: 6/6
  2066 | D:3      | Reached skill level 4 in Axes
  2213 | D:4      | Noticed an ogre
  2272 | D:4      | Reached XP level 5. HP: 42/46 MP: 7/7
  2540 | D:4      | Killed an ogre
  2541 | D:4      | Reached skill level 5 in Axes
  2541 | D:4      | Reached XP level 6. HP: 8/52 MP: 8/8
  3803 | D:5      | Entered Level 5 of the Dungeon
  3858 | D:5      | Reached skill level 6 in Axes
  3893 | D:5      | Reached XP level 7. HP: 60/60 MP: 9/9
  4016 | D:5      | Reached skill level 5 in Fighting
  4016 | D:5      | HP: 3/61 [poisoned by a gnoll sergeant]
  4409 | D:5      | You fall into a shaft and drop 2 floors!
  4441 | D:7      | Found a flagged portal.
  4448 | Bailey   | Entered a bailey
  4493 | Bailey   | Noticed an orc warlord
  4567 | D:6      | Gained mutation: Your natural rate of healing is unusually
                  | fast. [potion of mutation]
  4567 | D:6      | Gained mutation: Your body sometimes deteriorates upon
                  | taking damage. [potion of mutation]
  4576 | D:6      | Reached skill level 7 in Axes
  4800 | D:6      | Reached XP level 8. HP: 70/70 MP: 10/10
  4903 | D:6      | Found a staircase to the Ecumenical Temple.
  5173 | D:6      | Reached skill level 8 in Axes
  6236 | D:7      | Reached skill level 9 in Axes
  6657 | D:7      | Reached XP level 9. HP: 79/79 MP: 11/11
  6763 | D:7      | Noticed Menkaure
  6768 | D:7      | Killed Menkaure
  7174 | D:8      | Reached skill level 10 in Axes
  7343 | D:8      | Noticed a manticore
  7352 | D:8      | Killed a manticore
  7442 | D:8      | Noticed Maggie
  7458 | D:8      | Killed Maggie
  7488 | D:8      | Found a large runed translucent door.
  7489 | D:8      | Found a large runed translucent door.
  7892 | D:9      | Reached skill level 11 in Axes
  7940 | D:9      | Found a staircase to the Lair.
  8134 | D:9      | Reached XP level 10. HP: 33/90 MP: 13/13
  8237 | D:9      | Found Yzaidwo's Book Shoppe.
  8908 | D:9      | Reached skill level 12 in Axes
  9078 | D:10     | Entered Level 10 of the Dungeon
  9100 | D:10     | Noticed a two-headed ogre
  9108 | D:10     | Killed a two-headed ogre
  9286 | D:10     | Noticed a centaur warrior
  9286 | D:10     | Noticed a centaur warrior
  9286 | D:10     | Noticed an orc knight
  9287 | D:10     | Upgraded the game from 0.30-a0-830-gfe289a77b0 to
                  | 0.30-a0-840-ga523dec638
  9288 | D:10     | Noticed a centaur warrior
  9288 | D:10     | Noticed an orc knight
  9290 | D:10     | Noticed a tengu warrior
  9291 | D:10     | Noticed a six-headed hydra
  9292 | D:10     | Noticed a manticore
  9316 | D:11     | Noticed a manticore
  9318 | D:11     | Gained mutation: You occasionally lose the ability to drink
                  | potions when taking damage. [a neqoxec]
  9320 | D:11     | Killed a six-headed hydra
  9320 | D:11     | Noticed a boulder beetle
  9394 | D:12     | Found Raoddaedgh's Jewellery Boutique.
  9573 | D:11     | Noticed Maurice
  9588 | D:11     | Killed a manticore
  9589 | D:11     | Reached XP level 11. HP: 97/97 MP: 14/14
  9591 | D:11     | Reached skill level 13 in Axes
  9595 | D:11     | Killed Maurice
  9595 | D:11     | Noticed Lodul
  9600 | D:11     | Killed a boulder beetle
  9601 | D:11     | Reached skill level 5 in Shields
  9604 | D:11     | Slain by Lodul

Illustrated notes

Levels and vault maps discovered:
D:1:      dpeg_arrival_ternary, layout_rooms, minmay_quantized
D:2:      layout_loops_ring
D:3:      layout_basic, dreamdust_ecumenical_altar_drowned_temple,
          cheibrodos_gnoll_hut
D:4:      layout_layer_cave
D:5:      layout_loops_ring, grunt_tough_drop
D:6:      layout_basic, minmay_temple_entry_mist
D:7:      layout_layer_cave, minitemple, nemelex_spade_bored_becter,
          enter_bailey_3, minmay_manual_mares, uniq_menkaure
D:8:      layout_loops_cross, jmf_multi_god_temple2, uniq_maggie
D:9:      layout_stronghold, grunt_lair_entry_orc_guard_hut, serial_shops,
          kennysheep_mini, jiyva_altar_1
D:10:     layout_gridville, slow_altar_2, mainiacjoe_overflow_chevrons,
          special_room [special_room_bee], minivault_28
D:11:     layout_big_octagon, uniq_maurice, uniq_lodul
D:12:     layout_roguey, kennysheep_orc_monster_closet_entryway, serial_shops,
          nicolae_inconvenience_store, uniq_urug

Skill      XL: |  1  2  3  4  5  6  7  8  9 10 11 |
---------------+----------------------------------+-----
Axes           | 2 3 4 5 6 7 9 11 12 13 | 13.2
Fighting       | 3 4 5 7 8 9 |  9.7
Shields        | 4 5 |  5.1
Armour         | |  2.6

Action                     |  1- 3 |  4- 6 |  7- 9 | 10-12 || total
---------------------------+-------+-------+-------+-------++-------
  Melee: War axe           |   178 |   119 |   371 |   207 ||   875
   Fire: Sling             |       |     1 |       |       ||     1
  Throw: Throwing net      |       |     1 |     1 |       ||     2
         Dart              |       |       |    10 |       ||    10
  Evoke: Wand              |       |       |       |     7 ||     7
    Use: Scroll            |     6 |     3 |     6 |     8 ||    23
         Potion            |       |     1 |     9 |     5 ||    15
   Stab: Held in net/web   |       |     2 |       |       ||     2
         Invisible         |       |       |     4 |       ||     4
 Armour: Scale mail        |    65 |       |       |       ||    65
         Plate armour      |    43 |    74 |   175 |   147 ||   439
  Dodge: Dodged            |    46 |    34 |    88 |    52 ||   220
  Block: Buckler           |    57 |    64 |   200 |    39 ||   360
         Reflection        |       |     3 |    15 |    16 ||    34
         Kite shield       |       |       |       |   174 ||   174

Table legend: (Time is in decaauts)
 A = Elapsed time spent in this place.
 B = Non-inter-level travel time spent in this place.
 C = Inter-level travel time spent in this place.
 D = Time resting spent in this place.
 E = Time spent auto-exploring this place.
 F = Levels seen in this place.
 G = Mean time per level.
                   A        B        C        D        E       F      G
               +--------+--------+--------+--------+--------+-----+--------+
         Total |   9756 |   9474 |    282 |    628 |   6628 |  13 |  750.5 |
       Dungeon |   9650 |   9368 |    282 |    598 |   6625 |  12 |  804.2 |
        Bailey |    105 |    105 |      0 |     30 |      3 |   1 |  105.0 |
               +--------+--------+--------+--------+--------+-----+--------+

Top non-repeatable levels by time:
     D:4: 1739 daAuts
     D:9: 1196 daAuts
     D:6: 1127 daAuts
     D:7: 1040 daAuts
     D:5: 926 daAuts
     D:2: 800 daAuts
     D:1: 781 daAuts
     D:3: 767 daAuts
     D:8: 741 daAuts
    D:10: 240 daAuts
    D:12: 229 daAuts
  Bailey: 105 daAuts
    D:11: 59 daAuts
